Blues vs Rangers
Created - April 19, 2022 at 19:51
Goals
|
| Blues |
1 |
2 |
0 |
3 |
| Rangers |
1 |
1 |
0 |
2 |
|
Shots
|
| Blues |
10 |
15 |
8 |
33 |
| Rangers |
10 |
9 |
4 |
23 |
|
1st period
1. Rangers , Matt Delahey 2 (Sean Couturier 54, Patrik Nemeth 13) at 0:41
2. Blues , Anthony Mantha 13 (Devin Shore 18, Cody Ceci 16) at 12:32
Penalties :
Brett Ponich (NyR) for Hooking (Minor) at 6:50
2nd period
3. Rangers , T.J Galiardi 5 (Sean Couturier 55, Ryan Strome 20) at 2:47
4. Blues , David Perron 23 (Riley Sheahan 27, Ryan Murray 20) at 16:13
5. Blues , David Perron 24 (Cody Ceci 17, Auston Matthews 7) at 19:49
Penalties :
Ryan Strome (NyR) for Hooking (Minor) at 10:33, Alex Pietrangelo (Stl) for High sticking (Minor) at 13:39
3rd period
No Goal
Penalties :
Matt Delahey (NyR) for Hooking (Minor) at 0:40, Ladislav Smid (Stl) for Boarding (Minor) at 3:13, Anthony Mantha (Stl) for Tripping (Minor) at 9:07, Chris Bourque (NyR) for Slashing (Minor) at 17:47
Goalie Stats
Carey Price (Stl), 21 saves from 23 shots - (0.913), W, 28-13-3, 60:00 minutes
Frederik Andersen (NyR), 30 saves from 33 shots - (0.909), L, 20-18-2, 60:00 minutes
Players Stats for Blues
Player Name G A P +/- PIM S H SB GA TA FO MP PP MP PK MP
------------------------------------------------------------------------------------
Alex Pietrangelo 0 0 0 0 2 5 1 1 1 0 0/0 25:37 5:28 0:47
Anthony Mantha 1 0 1 1 2 3 1 0 0 1 0/0 11:21 0:00 0:00
Auston Matthews 0 1 1 0 0 1 1 0 0 1 3/10 12:03 0:00 0:00
Brandon Montour 0 0 0 1 0 0 0 0 0 3 0/0 16:52 2:28 0:00
Cody Ceci 0 2 2 2 0 0 1 2 1 0 0/0 23:02 5:28 3:20
David Perron 2 0 2 0 0 3 4 0 0 0 0/2 16:32 2:49 0:58
Devin Shore 0 1 1 1 0 0 0 0 0 0 1/12 14:14 2:49 0:16
Drew Shore 0 0 0 0 0 2 0 1 0 0 2/4 10:08 0:00 2:49
Filip Forsberg 0 0 0 0 0 4 4 0 0 0 1/5 20:30 5:07 0:00
Ladislav Smid 0 0 0 -1 2 0 0 1 0 0 0/0 14:33 0:00 1:50
Martin Marincin 0 0 0 -1 0 0 0 0 0 0 0/0 15:13 0:00 2:37
Matt Martin 0 0 0 1 0 2 1 0 0 0 0/0 11:07 0:00 0:00
Nicklas Backstrom 0 0 0 0 0 6 1 1 2 0 17/30 20:30 5:07 0:00
Patrick Kaleta 0 0 0 0 0 0 1 0 0 0 0/0 8:28 0:00 1:38
Riley Sheahan 0 1 1 0 0 2 3 1 0 1 0/0 16:43 2:49 1:38
Ryan Murray 0 1 1 1 0 1 5 1 0 3 0/0 25:19 2:28 3:20
Samuel Morin 0 0 0 0 0 0 0 1 0 1 0/0 8:07 0:00 1:26
Tyler Johnson 0 0 0 0 0 4 0 0 1 0 3/3 23:41 5:07 3:09
Players Stats for Rangers
Player Name G A P +/- PIM S H SB GA TA FO MP PP MP PK MP
------------------------------------------------------------------------------------
Artem Anisimov 0 0 0 -1 0 1 0 0 1 0 7/9 10:36 0:00 0:36
Brett Ponich 0 0 0 -2 2 0 0 1 0 0 0/0 19:16 3:24 2:51
Chris Bourque 0 0 0 0 2 0 2 1 1 0 1/1 19:58 3:00 3:50
Devante Smith-Pelly 0 0 0 0 0 1 2 0 1 0 0/0 15:38 3:00 0:00
Dmitry Kulikov 0 0 0 -2 0 3 0 1 1 2 0/0 29:38 3:33 5:05
Luke Schenn 0 0 0 -1 0 1 0 3 0 1 0/0 13:15 0:00 1:06
Magnus Paajarvi 0 0 0 -1 0 2 1 0 1 0 0/0 11:29 0:17 1:03
Matt Delahey 1 0 1 2 2 2 1 0 0 0 0/0 26:08 2:08 3:39
Morgan Ellis 0 0 0 -1 0 1 2 0 0 0 0/0 14:24 0:39 0:56
Patrice Bergeron 0 0 0 0 0 0 2 0 0 0 18/32 21:05 3:00 4:57
Patrik Nemeth 0 1 1 2 0 1 1 2 0 0 0/0 18:12 2:10 2:15
Richard Panik 0 0 0 -1 0 2 1 0 1 0 0/0 10:30 0:17 0:00
Ryan Dzingel 0 0 0 -1 0 1 1 0 0 0 0/0 9:56 0:00 0:11
Ryan Strome 0 1 1 1 2 2 0 4 2 0 0/3 16:20 2:40 1:01
Sean Couturier 0 2 2 1 0 3 0 0 1 1 9/13 17:24 2:14 2:07
Steve Quailer 0 0 0 -1 0 0 0 0 0 1 0/0 10:54 0:43 0:00
T.J Galiardi 1 0 1 1 0 3 1 1 1 0 0/0 15:10 0:00 2:07
Tomas Hertl 0 0 0 -1 0 0 1 0 0 0 4/8 12:07 2:40 0:00
3 Stars
1 - David Perron (Stl)
2 - Cody Ceci (Stl)
3 - Ryan Murray (Stl)
Power Play
Blues - 0 on 4 Attempt(s) - 0.00%
Rangers - 0 on 3 Attempt(s) - 0.00%
Penalty Kill
Blues - 3 on 3 Attempt(s) - 100.00%
- Score 0 goal in Penalty Kill
Rangers - 4 on 4 Attempt(s) - 100.00%
- Score 0 goal in Penalty Kill
Team Stat
Blues - Hits : 23 - Faceoff Wins : 27 - Blocked Shots : 9 - Penalty Minutes : 6
Rangers - Hits : 15 - Faceoff Wins : 39 - Blocked Shots : 13 - Penalty Minutes : 8
Official
Referees : Jacob Brenk and Francis Charron
Linesman : Tony Sericolo and Brian Mach
Game Notes
Luke Schenn is injured at 7:57 of 2nd period (Sports Hernia)
Finance
Level 1 -- Attendance: 6000 (100.00%) -- Ticket Income $600,000
Level 2 -- Attendance: 4979 (99.58%) -- Ticket Income $298,740
Level 3 -- Attendance: 2000 (100.00%) -- Ticket Income $70,000
Level 4 -- Attendance: 4000 (100.00%) -- Ticket Income $100,000
Luxury Box -- Attendance: 946 (94.60%) -- Ticket Income $189,200
Game was played at the Madison Square Garden.
Total Attendance: 17925 (99.58%)
Total Ticket Income: $1,257,940
Other Income: $188,691
Total Income: $1,446,631
Blues
5 vs 5 Forward
Center Left Wing Right Wing Time % Phy DF OF
1 Nicklas Backstrom Filip Forsberg Tyler Johnson 40 1 2 2
2 Auston Matthews David Perron Riley Sheahan 30 1 2 2
3 Devin Shore Matt Martin Anthony Mantha 20 1 2 2
4 Drew Shore Samuel Morin Patrick Kaleta 10 1 2 2
5 vs 5 Defense
Defense Defense Time % Phy DF OF
1 Alex Pietrangelo Ryan Murray 40 1 2 2
2 Brandon Montour Cody Ceci 30 1 2 2
3 Martin Marincin Ladislav Smid 20 1 2 2
4 Ryan Murray Alex Pietrangelo 10 1 2 2
PowerPlay Forward
Center Left Wing Right Wing Time % Phy DF OF
1 Nicklas Backstrom Filip Forsberg Tyler Johnson 60 1 2 2
2 Devin Shore David Perron Riley Sheahan 40 1 2 2
PowerPlay Defense
Defense Defense Time % Phy DF OF
1 Alex Pietrangelo Cody Ceci 60 1 2 2
2 Brandon Montour Ryan Murray 40 1 2 2
Penalty Kill 4 Players Forward
Center Wing Time % Phy DF OF
1 Drew Shore Tyler Johnson 60 1 2 2
2 Riley Sheahan Patrick Kaleta 40 1 2 2
Penalty Kill 4 Players Defense
Defense Defense Time % Phy DF OF
1 Cody Ceci Ryan Murray 60 1 2 2
2 Ladislav Smid Martin Marincin 40 1 2 2
Penalty Kill - 3 Players Forward
Forward Time % Phy DF OF
1 Riley Sheahan 60 1 2 2
2 Drew Shore 40 1 2 2
Penalty Kill - 3 Players Defense
Defense Defense Time % Phy DF OF
1 Cody Ceci Ladislav Smid 60 1 2 2
2 Ryan Murray Martin Marincin 40 1 2 2
4 vs 4 Forward
Center Wing Time % Phy DF OF
1 Nicklas Backstrom Filip Forsberg 60 1 2 2
2 Drew Shore Tyler Johnson 40 1 2 2
4 vs 4 Defense
Defense Defense Time % Phy DF OF
1 Alex Pietrangelo Cody Ceci 60 1 2 2
2 Brandon Montour Ryan Murray 40 1 2 2
Last Minutes Offensive
Center Left Wing Right Wing Defense Defense
Nicklas Backstrom Filip Forsberg Tyler Johnson Alex Pietrangelo Martin Marincin
Last Minutes Defensive
Center Left Wing Right Wing Defense Defense
Drew Shore David Perron Tyler Johnson Cody Ceci Ladislav Smid
Goaltenders
Starting : Carey Price
Backup : Joonas Korpisalo
Extra Forwards
Normal : Anthony Mantha, Auston Matthews, Samuel Morin - PP : Anthony Mantha, Devin Shore - PK : Samuel Morin
Extra Defensemen
Normal : Martin Marincin, Brandon Montour, Ladislav Smid - PP : Brandon Montour - PK : Alex Pietrangelo, Brandon Montour
Penalty Shots
David Perron, Auston Matthews, Devin Shore, Filip Forsberg, Tyler Johnson
Scratches
Jacob Slavin (Sprained Right Knee Injury), Linus Omark (Healthy), Peter Regin (Healthy)
Rangers
5 vs 5 Forward
Center Left Wing Right Wing Time % Phy DF OF
1 Patrice Bergeron Chris Bourque Devante Smith-Pelly 30 1 2 2
2 Sean Couturier T.J Galiardi Ryan Strome 30 1 2 2
3 Tomas Hertl Magnus Paajarvi Steve Quailer 20 1 2 2
4 Artem Anisimov Ryan Dzingel Richard Panik 20 1 2 2
5 vs 5 Defense
Defense Defense Time % Phy DF OF
1 Luke Schenn Dmitry Kulikov 40 1 2 2
2 Patrik Nemeth Matt Delahey 30 1 2 2
3 Brett Ponich Morgan Ellis 20 1 2 2
4 Luke Schenn Dmitry Kulikov 10 1 2 2
PowerPlay Forward
Center Left Wing Right Wing Time % Phy DF OF
1 Patrice Bergeron Chris Bourque Devante Smith-Pelly 60 1 2 2
2 Sean Couturier Tomas Hertl Ryan Strome 40 1 2 2
PowerPlay Defense
Defense Defense Time % Phy DF OF
1 Luke Schenn Dmitry Kulikov 60 1 2 2
2 Patrik Nemeth Matt Delahey 40 1 2 2
Penalty Kill 4 Players Forward
Center Wing Time % Phy DF OF
1 Patrice Bergeron Chris Bourque 60 1 2 2
2 Sean Couturier T.J Galiardi 40 1 2 2
Penalty Kill 4 Players Defense
Defense Defense Time % Phy DF OF
1 Luke Schenn Dmitry Kulikov 60 1 2 2
2 Patrik Nemeth Matt Delahey 40 1 2 2
Penalty Kill - 3 Players Forward
Forward Time % Phy DF OF
1 Patrice Bergeron 60 1 2 2
2 Sean Couturier 40 1 2 2
Penalty Kill - 3 Players Defense
Defense Defense Time % Phy DF OF
1 Luke Schenn Dmitry Kulikov 60 1 2 2
2 Patrik Nemeth Matt Delahey 40 1 2 2
4 vs 4 Forward
Center Wing Time % Phy DF OF
1 Patrice Bergeron Chris Bourque 60 1 2 2
2 Sean Couturier T.J Galiardi 40 1 2 2
4 vs 4 Defense
Defense Defense Time % Phy DF OF
1 Luke Schenn Dmitry Kulikov 60 1 2 2
2 Patrik Nemeth Matt Delahey 40 1 2 2
Last Minutes Offensive
Center Left Wing Right Wing Defense Defense
Patrice Bergeron Chris Bourque Devante Smith-Pelly Luke Schenn Dmitry Kulikov
Last Minutes Defensive
Center Left Wing Right Wing Defense Defense
Patrice Bergeron Chris Bourque Devante Smith-Pelly Luke Schenn Dmitry Kulikov
Goaltenders
Starting : Frederik Andersen
Backup : Samuel Montembeault
Extra Forwards
Normal : Ryan Strome, Steve Quailer, Chris Bourque - PP : Ryan Strome, Steve Quailer - PK : Ryan Strome
Extra Defensemen
Normal : Matt Delahey, Brett Ponich, Morgan Ellis - PP : Matt Delahey - PK : Matt Delahey, Brett Ponich
Penalty Shots
Patrice Bergeron, Sean Couturier, Tomas Hertl, Devante Smith-Pelly, Ryan Strome
Scratches
Jonas Brodin (Bruised Left Leg Injury), Milan Lucic (Healthy)
% Time on Ice - Blues
Lines # - Real PCT - Wanted PCT - Time Play
Normal Forward
1 - 35% - 40% - 15:52
2 - 27% - 30% - 12:16
3 - 24% - 20% - 11:07
4 - 14% - 10% - 6:39
Normal Defense
1 - 39% - 40% - 17:43
2 - 33% - 30% - 15:05
3 - 25% - 20% - 11:32
4 - 3% - 10% - 1:34
PP Forward
1 - 64% - 60% - 5:07
2 - 36% - 40% - 2:49
PP Defense
1 - 69% - 60% - 5:28
2 - 31% - 40% - 2:28
PK Forward
1 - 73% - 60% - 4:19
2 - 27% - 40% - 1:38
PK Defense
1 - 56% - 60% - 3:20
2 - 44% - 40% - 2:37
PK3 Forward
1 - 0% - 60%
2 - 0% - 40%
PK3 Defense
1 - 0% - 60%
2 - 0% - 40%
44 Forward
1 - 0% - 60%
2 - 0% - 40%
44 Defense
1 - 0% - 60%
2 - 0% - 40%
Last Minute Offensive - 0:00
Last Minute Defensive - 0:13
Total
Forward - 60:00
Defense - 60:00
|
% Time on Ice - Rangers
Lines # - Real PCT - Wanted PCT - Time Play
Normal Forward
1 - 29% - 30% - 13:26
2 - 28% - 30% - 13:05
3 - 21% - 20% - 9:40
4 - 21% - 20% - 9:44
Normal Defense
1 - 43% - 40% - 19:33
2 - 28% - 30% - 13:02
3 - 24% - 20% - 11:07
4 - 5% - 10% - 2:13
PP Forward
1 - 55% - 60% - 3:17
2 - 45% - 40% - 2:40
PP Defense
1 - 71% - 60% - 4:12
2 - 29% - 40% - 1:45
PK Forward
1 - 73% - 60% - 5:49
2 - 27% - 40% - 2:07
PK Defense
1 - 72% - 60% - 5:41
2 - 28% - 40% - 2:15
PK3 Forward
1 - 0% - 60%
2 - 0% - 40%
PK3 Defense
1 - 0% - 60%
2 - 0% - 40%
44 Forward
1 - 0% - 60%
2 - 0% - 40%
44 Defense
1 - 0% - 60%
2 - 0% - 40%
Last Minute Offensive - 0:12
Last Minute Defensive - 0:00
Total
Forward - 60:00
Defense - 60:00
|
Play-by-Play
1st period
0:01 of 1st period - Tyler Johnson wins face-off versus Patrice Bergeron in neutral zone.
0:08 of 1st period - Wrist shot by Alex Pietrangelo.
0:08 of 1st period - Deflect By Luke Schenn.
0:08 of 1st period - Stopped by Frederik Andersen without a rebound.
0:09 of 1st period - Patrice Bergeron wins face-off versus Filip Forsberg in Rangers zone.
0:29 of 1st period - Off-side.
0:30 of 1st period - Sean Couturier wins face-off versus Auston Matthews in neutral zone.
0:33 of 1st period - Wrist shot by Sean Couturier.
0:33 of 1st period - Shot Misses the Net.
0:35 of 1st period - Slapshot by Patrik Nemeth.
0:35 of 1st period - Stopped by Carey Price with a rebound.
0:39 of 1st period - Wrist shot by Sean Couturier.
0:39 of 1st period - Shot Blocked by Cody Ceci.
0:41 of 1st period - Slapshot by Matt Delahey.
0:41 of 1st period - Goal by Matt Delahey - Blues : 0 - Rangers : 1.
0:42 of 1st period - Tomas Hertl wins face-off versus Devin Shore in neutral zone.
1:04 of 1st period - Icing by Steve Quailer.
1:05 of 1st period - Auston Matthews wins face-off versus Tomas Hertl in Rangers zone.
1:39 of 1st period - Snap shot by Artem Anisimov.
1:39 of 1st period - Shot Misses the Net.
2:04 of 1st period - Off-side.
2:05 of 1st period - Nicklas Backstrom wins face-off versus Sean Couturier in neutral zone.
2:29 of 1st period - Snap shot by Filip Forsberg.
2:29 of 1st period - Stopped by Frederik Andersen without a rebound.
2:30 of 1st period - Patrice Bergeron wins face-off versus Devin Shore in Rangers zone.
2:34 of 1st period - Off-side.
2:35 of 1st period - Patrice Bergeron wins face-off versus Devin Shore in neutral zone.
2:38 of 1st period - Wrist shot by Patrice Bergeron.
2:38 of 1st period - Shot Misses the Net.
2:50 of 1st period - Snap shot by Devin Shore.
2:50 of 1st period - Shot Misses the Net.
3:00 of 1st period - Slapshot by Artem Anisimov.
3:00 of 1st period - Shot Misses the Net.
3:04 of 1st period - Snap shot by Artem Anisimov.
3:04 of 1st period - Shot Misses the Net.
3:06 of 1st period - Slapshot by Matt Delahey.
3:06 of 1st period - Deflect By David Perron.
3:06 of 1st period - Stopped by Carey Price without a rebound.
3:07 of 1st period - Sean Couturier wins face-off versus Nicklas Backstrom in Blues zone.
3:32 of 1st period - Devante Smith-Pelly is hit by Ryan Murray and loses puck.
3:40 of 1st period - Wrist shot by Morgan Ellis.
3:40 of 1st period - Shot Misses the Net.
4:18 of 1st period - Wrist shot by Steve Quailer.
4:18 of 1st period - Shot Misses the Net.
5:45 of 1st period - Wrist shot by Artem Anisimov.
5:45 of 1st period - Shot Misses the Net.
6:10 of 1st period - Matt Delahey is hit by David Perron and loses puck.
6:28 of 1st period - Off-side.
6:29 of 1st period - Patrice Bergeron wins face-off versus Devin Shore in neutral zone.
6:50 of 1st period - Minor Penalty to Brett Ponich for Hooking.
6:51 of 1st period - Patrice Bergeron wins face-off versus Nicklas Backstrom in Rangers zone.
7:02 of 1st period - Wrist shot by Filip Forsberg.
7:02 of 1st period - Shot Blocked by Patrik Nemeth.
7:04 of 1st period - Slapshot by Alex Pietrangelo.
7:04 of 1st period - Deflect By Nicklas Backstrom.
7:04 of 1st period - Shot Blocked by Chris Bourque.
7:04 of 1st period - Puck is out of play.
7:05 of 1st period - Nicklas Backstrom wins face-off versus Patrice Bergeron in Rangers zone.
7:18 of 1st period - Slapshot by Alex Pietrangelo.
7:18 of 1st period - Shot Misses the Net.
7:20 of 1st period - Slapshot by Alex Pietrangelo.
7:20 of 1st period - Deflect By Chris Bourque.
7:20 of 1st period - Stopped by Frederik Andersen without a rebound.
7:21 of 1st period - Nicklas Backstrom wins face-off versus Patrice Bergeron in Rangers zone.
7:28 of 1st period - Wrist shot by Tyler Johnson.
7:28 of 1st period - Shot Misses the Net.
7:51 of 1st period - Luke Schenn is hit by Filip Forsberg and loses puck.
8:04 of 1st period - Slapshot by Filip Forsberg.
8:04 of 1st period - Stopped by Frederik Andersen with a rebound.
8:06 of 1st period - Slapshot by Ryan Murray.
8:06 of 1st period - Stopped by Frederik Andersen without a rebound.
8:07 of 1st period - Patrice Bergeron wins face-off versus David Perron in Rangers zone.
8:50 of 1st period - Penalty to Brett Ponich is over, Brett Ponich is back on ice.
9:08 of 1st period - Ladislav Smid is hit by Chris Bourque and loses puck.
9:17 of 1st period - Snap shot by Patrice Bergeron.
9:17 of 1st period - Shot Blocked by Samuel Morin.
9:19 of 1st period - Slapshot by Dmitry Kulikov.
9:19 of 1st period - Stopped by Carey Price without a rebound.
9:20 of 1st period - Auston Matthews wins face-off versus Ryan Strome in Blues zone.
9:46 of 1st period - Filip Forsberg is hit by Patrik Nemeth.
11:14 of 1st period - Wrist shot by Devin Shore.
11:14 of 1st period - Shot Misses the Net.
11:28 of 1st period - Patrik Nemeth is hit by Riley Sheahan and loses puck.
11:33 of 1st period - Slapshot by David Perron.
11:33 of 1st period - Deflect By Auston Matthews.
11:33 of 1st period - Stopped by Frederik Andersen without a rebound.
11:34 of 1st period - Sean Couturier wins face-off versus Nicklas Backstrom in Rangers zone.
11:34 of 1st period - Sean Couturier is hit by Filip Forsberg.
11:47 of 1st period - Slapshot by Sean Couturier.
11:47 of 1st period - Stopped by Carey Price with a rebound.
12:32 of 1st period - Wrist shot by Anthony Mantha.
12:32 of 1st period - Goal by Anthony Mantha - Blues : 1 - Rangers : 1.
12:33 of 1st period - Sean Couturier wins face-off versus Nicklas Backstrom in neutral zone.
12:58 of 1st period - Patrik Nemeth is hit by David Perron and loses puck.
13:05 of 1st period - Slapshot by Dmitry Kulikov.
13:05 of 1st period - Stopped by Carey Price with a rebound.
13:25 of 1st period - Snap shot by Alex Pietrangelo.
13:25 of 1st period - Stopped by Frederik Andersen with a rebound.
13:27 of 1st period - Slapshot by Alex Pietrangelo.
13:27 of 1st period - Stopped by Frederik Andersen without a rebound.
13:28 of 1st period - Nicklas Backstrom wins face-off versus Sean Couturier in Rangers zone.
13:37 of 1st period - Slapshot by Ryan Strome.
13:37 of 1st period - Stopped by Carey Price without a rebound.
13:38 of 1st period - Nicklas Backstrom wins face-off versus Sean Couturier in Blues zone.
13:51 of 1st period - Wrist shot by Filip Forsberg.
13:51 of 1st period - Stopped by Frederik Andersen without a rebound.
13:52 of 1st period - Patrice Bergeron wins face-off versus Filip Forsberg in Rangers zone.
14:01 of 1st period - Snap shot by Luke Schenn.
14:01 of 1st period - Stopped by Carey Price with a rebound.
14:03 of 1st period - Backhand shot by Chris Bourque.
14:03 of 1st period - Shot Misses the Net.
14:05 of 1st period - Slapshot by Luke Schenn.
14:05 of 1st period - Deflect By Chris Bourque.
14:05 of 1st period - Shot Blocked by Alex Pietrangelo.
14:05 of 1st period - Puck is out of play.
14:06 of 1st period - Nicklas Backstrom wins face-off versus Tomas Hertl in Blues zone.
14:37 of 1st period - Snap shot by Alex Pietrangelo.
14:37 of 1st period - Shot Blocked by Ryan Strome.
14:39 of 1st period - Slapshot by Alex Pietrangelo.
14:39 of 1st period - Shot Blocked by Luke Schenn.
14:59 of 1st period - Slapshot by Drew Shore.
14:59 of 1st period - Shot Blocked by Ryan Strome.
15:41 of 1st period - Snap shot by Ryan Dzingel.
15:41 of 1st period - Deflect By Filip Forsberg.
15:41 of 1st period - Stopped by Carey Price without a rebound.
15:42 of 1st period - Artem Anisimov wins face-off versus Nicklas Backstrom in Blues zone.
16:47 of 1st period - Snap shot by Artem Anisimov.
16:47 of 1st period - Shot Misses the Net.
17:13 of 1st period - Wrist shot by Artem Anisimov.
17:13 of 1st period - Stopped by Carey Price without a rebound.
17:14 of 1st period - Auston Matthews wins face-off versus Patrice Bergeron in Blues zone.
17:14 of 1st period - Auston Matthews is hit by Patrice Bergeron.
17:53 of 1st period - Backhand shot by Dmitry Kulikov.
17:53 of 1st period - Shot Hit the Post.
18:37 of 1st period - Snap shot by Matt Martin.
18:37 of 1st period - Shot Misses the Net.
19:05 of 1st period - Martin Marincin is hit by Patrice Bergeron.
Goals for this period are 1 for Blues vs 1 for Rangers.
Shots for this period are 10 for Blues vs 10 for Rangers.
2nd period
0:01 of 2nd period - Patrice Bergeron wins face-off versus Nicklas Backstrom in neutral zone.
0:34 of 2nd period - Wrist shot by Riley Sheahan.
0:34 of 2nd period - Stopped by Frederik Andersen with a rebound.
1:06 of 2nd period - Cody Ceci is hit by Matt Delahey and loses puck.
2:06 of 2nd period - Sean Couturier is hit by David Perron and loses puck.
2:15 of 2nd period - Riley Sheahan is hit by T.J Galiardi and loses puck.
2:45 of 2nd period - Snap shot by T.J Galiardi.
2:45 of 2nd period - Stopped by Carey Price with a rebound.
2:47 of 2nd period - Slapshot by T.J Galiardi.
2:47 of 2nd period - Goal by T.J Galiardi - Blues : 1 - Rangers : 2.
2:48 of 2nd period - Tyler Johnson wins face-off versus Patrice Bergeron in neutral zone.
2:51 of 2nd period - Luke Schenn is hit by Ryan Murray and loses puck.
3:16 of 2nd period - Snap shot by Devin Shore.
3:16 of 2nd period - Shot Blocked by Luke Schenn.
3:18 of 2nd period - Slapshot by Matt Martin.
3:18 of 2nd period - Stopped by Frederik Andersen with a rebound.
3:20 of 2nd period - Slapshot by Ladislav Smid.
3:20 of 2nd period - Shot Blocked by Luke Schenn.
3:24 of 2nd period - Snap shot by Devin Shore.
3:24 of 2nd period - Shot Misses the Net.
4:02 of 2nd period - Snap shot by Riley Sheahan.
4:02 of 2nd period - Deflect By David Perron.
4:02 of 2nd period - Shot Misses the Net.
4:02 of 2nd period - Puck is out of play.
4:03 of 2nd period - Sean Couturier wins face-off versus Nicklas Backstrom in Rangers zone.
4:10 of 2nd period - Wrist shot by Sean Couturier.
4:10 of 2nd period - Shot Blocked by Ryan Murray.
4:18 of 2nd period - Snap shot by Sean Couturier.
4:18 of 2nd period - Stopped by Carey Price without a rebound.
4:19 of 2nd period - Patrice Bergeron wins face-off versus David Perron in Blues zone.
4:44 of 2nd period - Snap shot by Ryan Strome.
4:44 of 2nd period - Shot Misses the Net.
4:46 of 2nd period - Snap shot by Brett Ponich.
4:46 of 2nd period - Shot Hit the Post.
4:48 of 2nd period - Snap shot by Sean Couturier.
4:48 of 2nd period - Stopped by Carey Price without a rebound.
4:49 of 2nd period - Nicklas Backstrom wins face-off versus Sean Couturier in Blues zone.
4:58 of 2nd period - Snap shot by Nicklas Backstrom.
4:58 of 2nd period - Stopped by Frederik Andersen with a rebound.
5:00 of 2nd period - Slapshot by Cody Ceci.
5:00 of 2nd period - Shot Blocked by Ryan Strome.
5:02 of 2nd period - Snap shot by Tyler Johnson.
5:02 of 2nd period - Deflect By Nicklas Backstrom.
5:02 of 2nd period - Shot Misses the Net.
5:02 of 2nd period - Puck is out of play.
5:03 of 2nd period - Nicklas Backstrom wins face-off versus Patrice Bergeron in Rangers zone.
5:30 of 2nd period - Tomas Hertl is hit by Riley Sheahan and loses puck.
5:55 of 2nd period - Snap shot by Matt Martin.
5:55 of 2nd period - Shot Blocked by Patrik Nemeth.
6:32 of 2nd period - Chris Bourque is hit by Filip Forsberg.
6:36 of 2nd period - Slapshot by Patrice Bergeron.
6:36 of 2nd period - Shot Hit the Post.
6:38 of 2nd period - Slapshot by Luke Schenn.
6:38 of 2nd period - Shot Blocked by Nicklas Backstrom.
6:40 of 2nd period - Snap shot by Devante Smith-Pelly.
6:40 of 2nd period - Stopped by Carey Price with a rebound.
6:42 of 2nd period - Snap shot by Dmitry Kulikov.
6:42 of 2nd period - Shot Misses the Net.
7:23 of 2nd period - Slapshot by Devin Shore.
7:23 of 2nd period - Shot Misses the Net.
7:41 of 2nd period - Slapshot by Tyler Johnson.
7:41 of 2nd period - Stopped by Frederik Andersen without a rebound.
7:42 of 2nd period - Artem Anisimov wins face-off versus Nicklas Backstrom in Rangers zone.
7:46 of 2nd period - Off-side.
7:47 of 2nd period - Nicklas Backstrom wins face-off versus Patrice Bergeron in neutral zone.
7:56 of 2nd period - Luke Schenn is hit by Ryan Murray and loses puck.
7:57 of 2nd period - Luke Schenn from Rangers is injured at 7:57 of 2nd period (Sports Hernia).
7:58 of 2nd period - Nicklas Backstrom wins face-off versus Patrice Bergeron in Rangers zone.
8:23 of 2nd period - Steve Quailer is hit by Ryan Murray and loses puck.
8:52 of 2nd period - Snap shot by Anthony Mantha.
8:52 of 2nd period - Stopped by Frederik Andersen with a rebound.
9:03 of 2nd period - Icing by Alex Pietrangelo.
9:04 of 2nd period - Artem Anisimov wins face-off versus Devin Shore in Blues zone.
9:31 of 2nd period - Wrist shot by Tyler Johnson.
9:31 of 2nd period - Stopped by Frederik Andersen without a rebound.
9:32 of 2nd period - Nicklas Backstrom wins face-off versus Tomas Hertl in Rangers zone.
9:51 of 2nd period - Wrist shot by Nicklas Backstrom.
9:51 of 2nd period - Stopped by Frederik Andersen without a rebound.
9:52 of 2nd period - Chris Bourque wins face-off versus Auston Matthews in Rangers zone.
10:16 of 2nd period - Icing by Matt Delahey.
10:17 of 2nd period - Tyler Johnson wins face-off versus Ryan Strome in Rangers zone.
10:33 of 2nd period - Minor Penalty to Ryan Strome for Hooking.
10:34 of 2nd period - Nicklas Backstrom wins face-off versus Patrice Bergeron in Rangers zone.
10:36 of 2nd period - Snap shot by Nicklas Backstrom.
10:36 of 2nd period - Stopped by Frederik Andersen with a rebound.
10:38 of 2nd period - Snap shot by Nicklas Backstrom.
10:38 of 2nd period - Stopped by Frederik Andersen with a rebound.
10:40 of 2nd period - Wrist shot by Nicklas Backstrom.
10:40 of 2nd period - Stopped by Frederik Andersen without a rebound.
10:41 of 2nd period - Patrice Bergeron wins face-off versus Nicklas Backstrom in Rangers zone.
11:30 of 2nd period - Snap shot by Filip Forsberg.
11:30 of 2nd period - Shot Blocked by Brett Ponich.
11:32 of 2nd period - Snap shot by Tyler Johnson.
11:32 of 2nd period - Shot Blocked by T.J Galiardi.
11:34 of 2nd period - Snap shot by Filip Forsberg.
11:34 of 2nd period - Shot Blocked by Dmitry Kulikov.
11:58 of 2nd period - Off-side.
11:59 of 2nd period - Patrice Bergeron wins face-off versus Devin Shore in neutral zone.
12:33 of 2nd period - Penalty to Ryan Strome is over, Ryan Strome is back on ice.
12:38 of 2nd period - Matt Delahey is hit by Patrick Kaleta and loses puck.
12:43 of 2nd period - Snap shot by Drew Shore.
12:43 of 2nd period - Stopped by Frederik Andersen with a rebound.
13:31 of 2nd period - Wrist shot by Ryan Strome.
13:31 of 2nd period - Stopped by Carey Price without a rebound.
13:32 of 2nd period - Filip Forsberg wins face-off versus Patrice Bergeron in Blues zone.
13:32 of 2nd period - Filip Forsberg is hit by Devante Smith-Pelly.
13:39 of 2nd period - Minor Penalty to Alex Pietrangelo for High sticking.
13:40 of 2nd period - Drew Shore wins face-off versus Patrice Bergeron in Blues zone.
14:29 of 2nd period - Ladislav Smid is hit by Tomas Hertl.
15:39 of 2nd period - Penalty to Alex Pietrangelo is over, Alex Pietrangelo is back on ice.
16:13 of 2nd period - Snap shot by David Perron.
16:13 of 2nd period - Goal by David Perron - Blues : 2 - Rangers : 2.
16:14 of 2nd period - Patrice Bergeron wins face-off versus Nicklas Backstrom in neutral zone.
16:20 of 2nd period - Devante Smith-Pelly is hit by Filip Forsberg and loses puck.
16:31 of 2nd period - Slapshot by Tyler Johnson.
16:31 of 2nd period - Stopped by Frederik Andersen without a rebound.
16:32 of 2nd period - Artem Anisimov wins face-off versus Auston Matthews in Rangers zone.
16:59 of 2nd period - Patrice Bergeron is hit by Alex Pietrangelo and loses puck.
17:28 of 2nd period - Matt Delahey is hit by Cody Ceci and loses puck.
17:45 of 2nd period - Snap shot by Nicklas Backstrom.
17:45 of 2nd period - Stopped by Frederik Andersen with a rebound.
18:18 of 2nd period - Slapshot by Dmitry Kulikov.
18:18 of 2nd period - Stopped by Carey Price without a rebound.
18:19 of 2nd period - Tomas Hertl wins face-off versus Auston Matthews in Blues zone.
18:28 of 2nd period - Snap shot by Magnus Paajarvi.
18:28 of 2nd period - Stopped by Carey Price with a rebound.
18:30 of 2nd period - Wrist shot by Magnus Paajarvi.
18:30 of 2nd period - Stopped by Carey Price without a rebound.
18:31 of 2nd period - Sean Couturier wins face-off versus Auston Matthews in Blues zone.
18:44 of 2nd period - Slapshot by Alex Pietrangelo.
18:44 of 2nd period - Shot Misses the Net.
19:23 of 2nd period - Drew Shore is hit by Ryan Dzingel.
19:49 of 2nd period - Wrist shot by David Perron.
19:49 of 2nd period - Goal by David Perron - Blues : 3 - Rangers : 2.
19:50 of 2nd period - Sean Couturier wins face-off versus Nicklas Backstrom in neutral zone.
Goals for this period are 2 for Blues vs 1 for Rangers.
Shots for this period are 15 for Blues vs 9 for Rangers.
3rd period
0:01 of 3rd period - Patrice Bergeron wins face-off versus Filip Forsberg in neutral zone.
0:04 of 3rd period - Nicklas Backstrom is hit by Devante Smith-Pelly and loses puck.
0:40 of 3rd period - Minor Penalty to Matt Delahey for Hooking.
0:41 of 3rd period - Patrice Bergeron wins face-off versus Nicklas Backstrom in Rangers zone.
0:41 of 3rd period - Patrice Bergeron is hit by Nicklas Backstrom.
1:12 of 3rd period - Brett Ponich is hit by Ryan Murray and loses puck.
1:22 of 3rd period - Off-side.
1:23 of 3rd period - Sean Couturier wins face-off versus Devin Shore in neutral zone.
1:34 of 3rd period - Snap shot by T.J Galiardi.
1:34 of 3rd period - Stopped by Carey Price without a rebound.
1:35 of 3rd period - Nicklas Backstrom wins face-off versus Patrice Bergeron in Blues zone.
2:40 of 3rd period - Penalty to Matt Delahey is over, Matt Delahey is back on ice.
2:54 of 3rd period - Snap shot by Brandon Montour.
2:54 of 3rd period - Shot Misses the Net.
2:56 of 3rd period - Snap shot by Brandon Montour.
2:56 of 3rd period - Shot Misses the Net.
2:58 of 3rd period - Snap shot by Drew Shore.
2:58 of 3rd period - Shot Misses the Net.
3:13 of 3rd period - Minor Penalty to Ladislav Smid for Boarding.
3:14 of 3rd period - Drew Shore wins face-off versus Patrice Bergeron in Blues zone.
3:14 of 3rd period - Drew Shore is hit by Chris Bourque.
5:13 of 3rd period - Penalty to Ladislav Smid is over, Ladislav Smid is back on ice.
5:59 of 3rd period - Wrist shot by Anthony Mantha.
5:59 of 3rd period - Shot Misses the Net.
6:24 of 3rd period - Snap shot by Riley Sheahan.
6:24 of 3rd period - Deflect By David Perron.
6:24 of 3rd period - Shot Misses the Net.
6:24 of 3rd period - Puck is out of play.
6:25 of 3rd period - Patrice Bergeron wins face-off versus Auston Matthews in Rangers zone.
6:32 of 3rd period - Morgan Ellis is hit by David Perron and loses puck.
6:37 of 3rd period - Snap shot by David Perron.
6:37 of 3rd period - Stopped by Frederik Andersen with a rebound.
7:13 of 3rd period - Nicklas Backstrom is hit by Morgan Ellis and loses puck.
7:28 of 3rd period - Snap shot by Richard Panik.
7:28 of 3rd period - Shot Misses the Net.
7:30 of 3rd period - Slapshot by Brett Ponich.
7:30 of 3rd period - Shot Misses the Net.
7:32 of 3rd period - Backhand shot by Morgan Ellis.
7:32 of 3rd period - Stopped by Carey Price without a rebound.
7:33 of 3rd period - Artem Anisimov wins face-off versus Filip Forsberg in Blues zone.
8:34 of 3rd period - Snap shot by Drew Shore.
8:34 of 3rd period - Stopped by Frederik Andersen with a rebound.
8:45 of 3rd period - Icing by Matt Delahey.
8:46 of 3rd period - Tomas Hertl wins face-off versus Devin Shore in Rangers zone.
8:46 of 3rd period - Tomas Hertl is hit by Matt Martin.
9:07 of 3rd period - Minor Penalty to Anthony Mantha for Tripping.
9:08 of 3rd period - Patrice Bergeron wins face-off versus Drew Shore in Blues zone.
9:10 of 3rd period - Slapshot by Devante Smith-Pelly.
9:10 of 3rd period - Shot Blocked by Drew Shore.
9:12 of 3rd period - Snap shot by Patrice Bergeron.
9:12 of 3rd period - Shot Blocked by Cody Ceci.
10:45 of 3rd period - Dmitry Kulikov is hit by Riley Sheahan and loses puck.
11:07 of 3rd period - Penalty to Anthony Mantha is over, Anthony Mantha is back on ice.
11:20 of 3rd period - Slapshot by Anthony Mantha.
11:20 of 3rd period - Stopped by Frederik Andersen with a rebound.
11:29 of 3rd period - Icing by Brandon Montour.
11:30 of 3rd period - Artem Anisimov wins face-off versus Devin Shore in Blues zone.
11:31 of 3rd period - Snap shot by Richard Panik.
11:31 of 3rd period - Stopped by Carey Price without a rebound.
11:32 of 3rd period - Artem Anisimov wins face-off versus Auston Matthews in Blues zone.
11:33 of 3rd period - Snap shot by Richard Panik.
11:33 of 3rd period - Shot Blocked by Riley Sheahan.
12:29 of 3rd period - Slapshot by Alex Pietrangelo.
12:29 of 3rd period - Shot Blocked by Ryan Strome.
13:18 of 3rd period - Off-side.
13:19 of 3rd period - Nicklas Backstrom wins face-off versus Patrice Bergeron in neutral zone.
13:47 of 3rd period - Wrist shot by Matt Martin.
13:47 of 3rd period - Deflect By Devin Shore.
13:47 of 3rd period - Shot Misses the Net.
13:47 of 3rd period - Puck is out of play.
13:48 of 3rd period - Sean Couturier wins face-off versus Devin Shore in Rangers zone.
14:39 of 3rd period - Dmitry Kulikov is hit by Auston Matthews and loses puck.
15:08 of 3rd period - Wrist shot by Richard Panik.
15:08 of 3rd period - Shot Blocked by Ladislav Smid.
15:25 of 3rd period - Anthony Mantha is hit by Morgan Ellis and loses puck.
15:29 of 3rd period - Icing by Anthony Mantha.
15:30 of 3rd period - Tomas Hertl wins face-off versus Devin Shore in Blues zone.
16:04 of 3rd period - Wrist shot by Richard Panik.
16:04 of 3rd period - Stopped by Carey Price without a rebound.
16:05 of 3rd period - Nicklas Backstrom wins face-off versus Artem Anisimov in Blues zone.
16:05 of 3rd period - Nicklas Backstrom is hit by Richard Panik.
16:18 of 3rd period - Off-side.
16:19 of 3rd period - Devin Shore wins face-off versus Tomas Hertl in neutral zone.
16:32 of 3rd period - Slapshot by Alex Pietrangelo.
16:32 of 3rd period - Stopped by Frederik Andersen with a rebound.
16:43 of 3rd period - Dmitry Kulikov is hit by Anthony Mantha and loses puck.
17:04 of 3rd period - Snap shot by Anthony Mantha.
17:04 of 3rd period - Shot Misses the Net.
17:08 of 3rd period - Wrist shot by Matt Martin.
17:08 of 3rd period - Stopped by Frederik Andersen without a rebound.
17:09 of 3rd period - Nicklas Backstrom wins face-off versus Artem Anisimov in Rangers zone.
17:10 of 3rd period - Snap shot by Filip Forsberg.
17:10 of 3rd period - Shot Misses the Net.
17:16 of 3rd period - Snap shot by Nicklas Backstrom.
17:16 of 3rd period - Shot Misses the Net.
17:18 of 3rd period - Snap shot by Tyler Johnson.
17:18 of 3rd period - Stopped by Frederik Andersen with a rebound.
17:22 of 3rd period - Snap shot by Tyler Johnson.
17:22 of 3rd period - Shot Misses the Net.
17:24 of 3rd period - Wrist shot by Filip Forsberg.
17:24 of 3rd period - Stopped by Frederik Andersen with a rebound.
17:47 of 3rd period - Minor Penalty to Chris Bourque for Slashing.
17:48 of 3rd period - Patrice Bergeron wins face-off versus Nicklas Backstrom in Rangers zone.
18:26 of 3rd period - Snap shot by Riley Sheahan.
18:26 of 3rd period - Stopped by Frederik Andersen without a rebound.
18:27 of 3rd period - Nicklas Backstrom wins face-off versus Ryan Strome in Rangers zone.
18:52 of 3rd period - Devin Shore is hit by Magnus Paajarvi and loses puck.
19:47 of 3rd period - Penalty to Chris Bourque is over, Chris Bourque is back on ice.
19:58 of 3rd period - Icing by Devante Smith-Pelly.
19:59 of 3rd period - Patrice Bergeron wins face-off versus Drew Shore in Rangers zone.
Goals for this period are 0 for Blues vs 0 for Rangers.
Shots for this period are 8 for Blues vs 4 for Rangers.